 Dungeon Crawl Stone Soup version 0.23-a0-470-g6f7cfd9 (webtiles) character file.

18073 nikopol the Cleaver (level 12, -1/159 HPs)
             Began as a Minotaur Berserker on Nov 26, 2018.
             Was a High Priest of Trog.
             Succumbed to an orange demon's poison
             ... on level 12 of the Dungeon.
             The game lasted 00:27:47 (13344 turns).

nikopol the Cleaver (Minotaur Berserker)           Turns: 13344, Time: 00:27:53

Health: -1/159     AC: 12    Str: 29    XL:     12   Next: 24%
Magic:  11/11      EV: 13    Int:  4    God:    Trog [*****.]
Gold:   802        SH:  0    Dex: 16    Spells: 11/11 levels left

rFire    . . .     SeeInvis .   a - +3 battleaxe
rCold    . . .     Gourm    .   (shield currently unavailable)
rNeg     . . .     Faith    +   v - +0 chain mail
rPois    .         Spirit   .   (helmet restricted)
rElec    .         Reflect  .   t - +0 cloak
rCorr    +         Harm     .   (no gloves)
MR       .....                  (no boots)
Stlth    ..........             D - amulet of faith
HPRegen  0.36/turn              h - +3 ring of dexterity
MPRegen  0.12/turn              O - ring of resist corrosion

@: berserking, lethally poisoned (-1 -> -47), weakened, very quick
A: retaliatory headbutt, horns 2
a: Berserk, Trog's Hand, Brothers in Arms, Renounce Religion


You were on level 12 of the Dungeon.
You worshipped Trog.
Trog was extremely pleased with you.
You were near starving.

You visited 1 branch of the dungeon, and saw 12 of its levels.
You also visited: Sewer.

You collected 802 gold pieces.

Inventory:

Hand Weapons
 a - a +3 battleaxe (weapon)
 z - a +3 shortbow of freezing
 I - a +1 flail of protection
Missiles
 q - 243 arrows
Armour
 t - a +0 cloak (worn)
 v - a +0 chain mail (worn)
Jewellery
 h - a +3 ring of dexterity (left hand)
 D - an amulet of faith (around neck)
 L - an uncursed amulet of harm
 O - a ring of resist corrosion (right hand)
 Z - an uncursed ring of stealth {unknown}
Wands
 x - a wand of random effects (18)
 y - a wand of polymorph (21)
 G - a wand of acid (6)
 P - a wand of clouds (5)
 T - a wand of paralysis (23)
Scrolls
 d - 4 scrolls of immolation
 e - a scroll of noise {unknown}
 f - 6 scrolls of remove curse
 g - 4 scrolls of fear
 j - 6 scrolls of teleportation
 m - 2 scrolls of magic mapping
 o - 2 scrolls of enchant weapon {unknown}
 u - 3 scrolls of enchant armour {unknown}
 A - 2 scrolls of amnesia {unknown}
 B - a scroll of random uselessness {unknown}
 C - a scroll of blinking {unknown}
 E - a scroll of fog {unknown}
 K - a scroll of summoning {unknown}
 W - a scroll of acquirement {unknown}
Potions
 b - 2 potions of lignification
 i - 2 potions of might
 l - 4 potions of flight
 n - 2 potions of curing
 p - 4 potions of heal wounds
 r - 2 potions of brilliance
 s - 3 potions of agility
 F - 2 potions of magic
 M - 2 potions of cancellation
 N - a potion of invisibility {unknown}
 R - 2 potions of mutation
 S - a potion of haste {unknown}
 V - a potion of degeneration {unknown}
 Y - 2 potions of ambrosia
Comestibles
 c - 18 rations


   Skills:
 + Level 9.6 Fighting
 * Level 14.8 Axes
 * Level 10.9 Bows
 + Level 9.1 Armour
 + Level 6.2 Dodging
 + Level 3.4 Stealth


You had 11 spell levels left.
You didn't know any spells.
Your spell library was empty.

Dungeon Overview and Level Annotations

Branches:
Dungeon (12/15)            Temple (0/1) D:4            Lair (0/6) D:9
    Orc: D:9-12

Altars:
Cheibriados
Dithmenos
Gozag
Hepliaklqana
Makhleb
Nemelex Xobeh
Okawaru
Sif Muna
Trog
Uskayaw
Vehumet
Wu Jian
Xom

Shops:
D:8 :   D:10 *

Portals:
Trove: D:11 (give +4 ice dragon scales)


Innate Abilities, Weirdness & Mutations

You reflexively headbutt those who attack you in melee.
You have a pair of horns on your head.


Message History

You hit the orange demon. You headbutt the orange demon.
The orange demon is almost dead.
* * * LOW HITPOINT WARNING * * *
You feel very sick.
You slash the orange demon!
You kill the orange demon!
Trog accepts your kill.
Your Armour skill increases to level 9!
* * * LOW HITPOINT WARNING * * *
You feel sick.
The red devil hits you from afar with a +0 trident.
* * * LOW HITPOINT WARNING * * *
The red devil hits you from afar with a cursed +0 trident!
* * * LOW HITPOINT WARNING * * *
The orange demon stings you but does no damage.
* * * LOW HITPOINT WARNING * * *
You feel very sick.
You closely miss the orange demon. You closely miss the red devil.
You hit the red devil.
You die...

#.......# #.......#
#.......#####.......#
#.[[)...+...#.......#
#......[............#
#....<....####......#
#........##..##.....#
+........#....#.....#
#........#444.#.....#
##+#####.##@.##..####
#..#..#...#
#.........#
#..(....!.#
#..#(.#...#
...##.(##..#
....#?.([ ..#
......#$..(# ##
...... #..##


You could see an orange demon and 2 red devils.

Vanquished Creatures
  Josephine (D:11)
  Erolcha (D:9)
  A hydra (D:10)
  2 two-headed ogres
  Nergalle (D:12)
  A wizard (D:8)
  A manticore (D:12)
  3 ugly things
  An orc sorcerer (D:8)
  2 orange demons (D:12)
  A komodo dragon (D:11)
  A merfolk (D:10)
  A hornet (D:11)
  A tengu conjurer (D:11)
  Grinder (D:5)
  2 hippogriffs
  Sigmund (D:5)
  6 wraiths
  17 yaks
  A human (shapeshifter) (D:10)
  Eustachio (D:4)
  Edmund (D:6)
  2 water moccasins
  3 porcupines (D:9)
  An orc warrior (D:9)
  5 black bears
  4 ice beasts
  3 sky beasts
  3 phantoms
  2 centaurs (D:9)
  3 ogres
  A necrophage (D:8)
  Blork the orc (D:5)
  8 bullfrogs
  A water moccasin skeleton (D:8)
  2 scorpions
  8 wights
  16 killer bees
  5 howler monkeys
  A centaur zombie (D:8)
  4 crimson imps
  6 hounds
  2 jellies (D:10)
  5 orc priests
  A bullfrog skeleton (D:10)
  8 orc wizards
  An iguana (D:9)
  2 worker ants
  A hound zombie (D:5)
  2 hound skeletons
  2 howler monkey zombies (D:6)
  10 gnolls
  23 adders
  3 river rats (D:5)
  5 shadow imps
  19 oozes
  2 adder skeletons
  2 worms
  5 dart slugs
  15 leopard geckos
  27 orcs
  11 ball pythons
  25 giant cockroaches
  12 hobgoblins
  17 jackals
  6 quokkas
  5 bats
  13 frilled lizards
  9 goblins
  7 kobolds
  2 leopard gecko zombies
  A quokka skeleton (D:6)
  13 rats
  10 fungi (D:9)
  7 plants (D:9)
400 creatures vanquished.

Vanquished Creatures (others)
  23 fungi (D:9)
  11 plants (D:9)
34 creatures vanquished.

Grand Total: 434 creatures vanquished

Notes
Turn   | Place    | Note
-------+----------+-------------------------------------------
     0 | D:1      | nikopol the Minotaur Berserker began the quest for the Orb.
     0 | D:1      | Reached XP level 1. HP: 19/19 MP: 0/0
    67 | D:1      | Reached skill level 4 in Axes
    67 | D:1      | Reached XP level 2. HP: 13/27 MP: 1/1
   420 | D:1      | Reached XP level 3. HP: 24/33 MP: 2/2
   509 | D:1      | Reached ** piety under Trog
   997 | D:2      | Reached XP level 4. HP: 36/41 MP: 3/3
  1159 | D:2      | Reached skill level 5 in Axes
  1215 | D:2      | Reached XP level 5. HP: 40/47 MP: 4/4
  1531 | D:2      | Reached skill level 1 in Stealth
  1533 | D:2      | Found a bloodstained altar of Trog.
  1735 | D:3      | Found an opulent altar of Gozag.
  1784 | D:3      | Reached *** piety under Trog
  1962 | D:3      | Found a shimmering altar of Xom.
  2026 | D:3      | Reached skill level 6 in Axes
  2184 | D:3      | Found a radiant altar of Vehumet.
  2493 | D:3      | Found a sparkling altar of Nemelex Xobeh.
  2615 | D:3      | Reached XP level 6. HP: 53/55 MP: 5/5
  2682 | D:4      | Found a staircase to the Ecumenical Temple.
  2728 | D:4      | Reached skill level 5 in Fighting
  3305 | D:4      | Found a sparkling altar of Nemelex Xobeh.
  3336 | D:4      | Noticed Eustachio
  3342 | D:4      | Killed Eustachio
  3342 | D:4      | Reached skill level 7 in Axes
  3342 | D:4      | Reached XP level 7. HP: 61/61 MP: 6/6
  3716 | D:4      | Found an ornate altar of the Wu Jian Council.
  3981 | D:5      | Entered Level 5 of the Dungeon
  3981 | D:5      | Noticed Sigmund
  3995 | D:5      | Killed Sigmund
  3995 | D:5      | Reached **** piety under Trog
  3995 | D:5      | Reached skill level 8 in Axes
  4040 | D:5      | Noticed Grinder
  4051 | D:5      | Paralysed by Grinder for 5 turns
  4058 | D:5      | Killed Grinder
  4058 | D:5      | Reached skill level 5 in Armour
  4058 | D:5      | Reached XP level 8. HP: 66/70 MP: 7/7
  4337 | D:5      | Found a glowing drain.
  4356 | Sewer    | Entered a sewer
  4581 | Sewer    | Received a gift from Trog
  4638 | Sewer    | Reached skill level 9 in Axes
  4673 | Sewer    | Reached ***** piety under Trog
  4844 | D:5      | Found a radiant altar of Vehumet.
  4885 | D:5      | Noticed Blork the orc
  4892 | D:5      | Killed Blork the orc
  4893 | D:5      | Found a deep blue altar of Sif Muna.
  4909 | D:5      | Reached skill level 5 in Dodging
  5259 | D:6      | Reached skill level 10 in Axes
  5317 | D:6      | Received a gift from Trog
  5318 | D:6      | Noticed Edmund
  5333 | D:6      | Killed Edmund
  5333 | D:6      | Reached XP level 9. HP: 78/78 MP: 8/8
  6226 | D:7      | Found a shadowy altar of Dithmenos.
  6227 | D:7      | Found a snail-covered altar of Cheibriados.
  6294 | D:7      | Found an iron altar of Okawaru.
  6802 | D:8      | Reached skill level 11 in Axes
  6817 | D:8      | Found a snail-covered altar of Cheibriados.
  6827 | D:8      | Noticed a wizard
  6838 | D:8      | Killed a wizard
  6867 | D:8      | Noticed an orc sorcerer
  6871 | D:8      | Noticed an ice devil
  6875 | D:8      | Killed an orc sorcerer
  7323 | D:8      | Reached XP level 10. HP: 76/88 MP: 9/9
  7399 | D:8      | Found a burning altar of Makhleb.
  7440 | D:8      | Found a hazy altar of Hepliaklqana.
  7504 | D:8      | Found Xystiapu's Book Boutique.
  7758 | D:8      | Noticed a cyan ugly thing
  7772 | D:8      | Killed a cyan ugly thing
  7772 | D:8      | Reached skill level 5 in Bows
  7986 | D:8      | Received a gift from Trog
  7995 | D:8      | Reached skill level 12 in Axes
  8200 | D:9      | Found a hide-covered altar of Uskayaw.
  8261 | D:9      | Noticed Erolcha
  8271 | D:9      | Killed Erolcha
  8488 | D:9      | Found a staircase to the Lair.
  8827 | D:9      | Found a hazy altar of Hepliaklqana.
  9513 | D:9      | Reached XP level 11. HP: 88/95 MP: 10/10
  9654 | D:10     | Entered Level 10 of the Dungeon
  9918 | D:10     | Received a gift from Trog
  9936 | D:10     | Noticed a two-headed ogre
  9938 | D:10     | HP: 4/95 [poisoned by a water moccasin]
 10468 | D:10     | Reached skill level 13 in Axes
 10478 | D:10     | Found Teni's General Store.
 10867 | D:10     | Killed a two-headed ogre
 10993 | D:11     | HP: 2/97 [poisoned by a hornet]
 11407 | D:11     | Noticed a white ugly thing
 11419 | D:11     | Killed a white ugly thing
 11815 | D:11     | Noticed a four-headed hydra
 11838 | D:10     | Killed a four-headed hydra
 12084 | D:11     | Reached skill level 10 in Bows
 12479 | D:11     | Noticed a green ugly thing
 12479 | D:11     | Noticed Josephine
 12487 | D:11     | Killed a green ugly thing
 12490 | D:11     | Killed Josephine
 12490 | D:11     | Reached skill level 14 in Axes
 12497 | D:11     | Noticed a two-headed ogre
 12571 | D:11     | Killed a two-headed ogre
 12571 | D:11     | Reached XP level 12. HP: 28/105 MP: 11/11
 12959 | D:11     | Received a gift from Trog
 13075 | D:11     | Found a portal to a secret trove of treasure.
 13137 | D:12     | Noticed Nergalle
 13141 | D:12     | Killed Nergalle
 13342 | D:12     | HP: 4/159 [red devil/cursed +0 trident (13)]
 13343 | D:12     | HP: 1/159 [poisoned by an orange demon]
 13344 | D:12     | Succumbed to an orange demon's poison

Vault maps used:
D:1:      matt_arrival_refuge, dk_noncrumbling_3, minmay_misc_feat_room
D:2:      marbit_many_paths, minmay_pentomino_p4
D:3:      nicolae_overflow_crystal_walls, lemuel_crystal_altar,
          lemuel_crystal_altar, first_ration, hangedman_feature_mirror,
          nemelex_lonely_heart_becter
D:4:      black_bear_nest_1, nemelex_xobeh_ov_fountains_minmay, kennysheep_mini,
          temple_pool_b, chequers_jeans, uniq_eustachio
D:5:      led_sif_pool, basic_altar, portal_sewer_entry_b,
          chequers_serial_rivers_room_b, uniq_grinder, uniq_blork_the_orc,
          uniq_sigmund
D:6:      uniq_edmund
D:7:      minmay_the_grid_four_pointed_star, nicolae_overflow_hidden_temple,
          lemuel_doored_altar, minmay_misc_feat_ornament
D:8:      cheibrodos_wizards_tower, lemuel_crystal_altar,
          makhleb_blood_cavern_becter, serial_shops, shop_statue, basic_altar
D:9:      overflow_temple_1_default, due_lair_maze_entry_diamond, basic_altar,
          uniq_erolcha
D:10:     serial_shops, shop, hangedman_fish_farm
D:11:     minmay_bloctagon_deflated, nicolae_trove_entry_crossroad,
          uniq_josephine
D:12:     orc_david_3, minmay_beelzebubs_servants, uniq_kirke, uniq_nessos,
          uniq_nergalle
Sewer:    sewer_frog_island_02

Skill      XL: |  1  2  3  4  5  6  7  8  9 10 11 12 |
---------------+-------------------------------------+-----
Axes           | 4 5 6 7 8 10 11 12 14 | 14.8
Fighting       | 4 5 6 7 8 9 |  9.6
Dodging        | 3 4 5 6 |  6.2
Stealth        | 1 2 3 |  3.4
Armour         | 3 5 6 7 8 9 |  9.1
Bows           | 4 8 10 | 10.9

Action                   |  1- 3 |  4- 6 |  7- 9 | 10-12 || total
-------------------------+-------+-------+-------+-------++-------
Melee: Hand axe          |    85 |   142 |   348 |     9 ||   584
       Headbutt          |    16 |    21 |    71 |    77 ||   185
       War axe           |       |       |       |   144 ||   144
       Battleaxe         |       |       |       |   130 ||   130
 Fire: Shortbow          |       |       |    37 |   221 ||   258
Invok: Berserk           |       |     3 |     7 |     7 ||    17
       Brothers in Arms  |       |       |       |     1 ||     1
  Use: Scroll            |       |     2 |       |    13 ||    15
       Potion            |       |       |       |     4 ||     4
 Stab: Sleeping          |     1 |     1 |     1 |       ||     3
  Eat: Chunk             |       |    10 |    16 |    15 ||    41
       Ration            |       |       |     1 |     3 ||     4
Armor: Animal skin       |    20 |     7 |       |       ||    27
       Ring mail         |       |    14 |    70 |       ||    84
       Scale mail        |       |       |    29 |    79 ||   108
       Chain mail        |       |       |       |    23 ||    23
Dodge: Dodged            |    61 |    92 |   205 |   218 ||   576

Table legend:
 A = Non-vault XP
 B = Vault XP
 C = Vault XP percentage of total XP
 D = Non-vault monster count
 E = Vault monster count
 F = Vault count percentage of total count
                 A         B        C        D         E       F
            +---------+---------+-------+---------+---------+-------
      Total |   14874 |   10945 |  42.4 |     261 |     122 |  31.9
            +---------+---------+-------+---------+---------+-------
        D:1 |      56 |       0 |   0.0 |      29 |       0 |   0.0
        D:2 |     195 |      10 |   4.9 |      25 |       3 |  10.7
        D:3 |     105 |      20 |  16.0 |      28 |       6 |  17.6
        D:4 |     417 |     321 |  43.5 |      18 |       2 |  10.0
        D:5 |     451 |     620 |  57.9 |      17 |      10 |  37.0
        D:6 |     404 |     181 |  30.9 |      13 |       1 |   7.1
        D:7 |     175 |     553 |  76.0 |       3 |      10 |  76.9
        D:8 |    1695 |    1291 |  43.2 |      28 |       4 |  12.5
        D:9 |    2218 |    2125 |  48.9 |      33 |      10 |  23.3
       D:10 |    3557 |     722 |  16.9 |      28 |       3 |   9.7
       D:11 |    4812 |    3187 |  39.8 |      37 |       6 |  14.0
       D:12 |     789 |    1577 |  66.7 |       2 |       3 |  60.0
      Sewer |       0 |     338 | 100.0 |       0 |      64 | 100.0
            +---------+---------+-------+---------+---------+-------
